Map: Baie du Roi EC

Players

ProPirks - Winner!

  • Race: Zerg Zerg
  • League: Diamond
  • Spawn Location: 5:00

Sorandom

  • Race: Zerg Zerg
  • League: Diamond
  • Spawn Location: 11:00

VOD

Have the link to the VOD?

Description

Time

  • Played on: April 9, 2019, 4:47 p.m.
  • Length: 25:07
Show
View Real Time Build Order
Export as new Build Order

ProPirks Zerg - Winner!

Build Orders: Hatch First, Lurkers 

Get SALT Encoding   

  12  0:01  Drone  
  13  0:13  Overlord  
  13  0:18  Drone  
  14  0:31  Drone x2  
  14  0:35  Drone  
  17  0:54  Hatchery  
  16  1:06  Spawning Pool  
  16  1:10  Drone  
  16  1:15  Extractor, Drone  
  16  1:18  Drone  
  16  1:22  Drone  
  18  1:32  Drone  
  19  1:42  Overlord  
  19  1:53  Queen  
  21  1:54  Drone  
  22  2:07  Queen, Drone  
  26  2:08  Drone  
  26  2:18  Zergling x2  
  26  2:19  Zergling x2  
  28  2:26  Drone  
  28  2:28  Drone  
  30  2:33  Queen  
  32  2:37  Drone  
  32  2:38  Drone  
  34  2:48  Overlord  
  34  2:58  Drone  
  34  2:59  Drone  
  36  3:08  Drone  
  36  3:09  Drone x2  
  36  3:12  Drone x2  
  41  3:18  Drone  
  42  3:21  Lair  
  42  3:22  Drone  
  42  3:25  Drone  
  44  3:29  Evolution Chamber  
  44  3:32  Evolution Chamber, Roach Warren, Overlord  
  41  3:35  Extractor, Drone  
  41  3:38  Drone x3  
  44  3:48  Overlord  
  44  3:55  Extractor, Zerg Missile Weapons Level 1  
  43  4:02  Drone x2  
  45  4:11  Drone  
  45  4:12  Roach  
  45  4:13  Roach  
  45  4:15  Extractor  
  49  4:20  Roach x2  
  49  4:21  Roach  
  55  4:27  Zerg Ground Armor Level 1  
  55  4:37  Glial Reconstitution, Overlord  
  55  4:40  Drone x2  
  55  4:41  Drone  
  55  4:42  Roach  
  55  4:44  Overlord  
  60  4:46  Overlord  
  59  4:55  Overseer  
  59  4:59  Overseer  
  59  5:01  Roach x2  
  59  5:03  Roach  
  59  5:04  Roach  
  59  5:05  Roach  
  69  5:12  Roach x2  
  69  5:13  Roach x2  
  77  5:17  Overseer  
  77  5:26  Overseer  
  77  5:31  Overseer  
  77  5:49  Overlord  
  77  5:52  Overlord  
  77  6:00  Overlord x4  
  77  6:06  Roach x6, Overlord  
  77  6:07  Overlord  
  77  6:11  Hatchery  
  76  6:15  Hydralisk Den  
  76  6:17  Roach  
  77  6:19  Ravager x2  
  77  6:20  Ravager x4  
  77  6:26  Roach x3  
  77  6:27  Roach x2  
  77  6:32  Roach x2  
  85  6:33  Roach  
  87  6:42  Roach x2  
  87  6:46  Roach x3  
  95  6:49  Overlord  
  95  6:50  Roach  
  97  6:59  Ravager  
  97  7:00  Ravager x2  
  100  7:01  Ravager  
  101  7:22  Roach x9  
  119  7:29  Zerg Missile Weapons Level 2  
  119  7:33  Drone  
  119  7:34  Drone x2  
  122  7:43  Overseer  
  122  7:48  Roach x2  
  125  7:52  Extractor  
  125  7:54  Extractor  
  123  7:59  Lurker Den  
  123  8:01  Roach x3  
  123  8:03  Roach  
  130  8:11  Roach x2  
  134  8:14  Roach  
  136  8:20  Hydralisk  
  136  8:21  Hydralisk  
  140  8:27  Overlord  
  128  8:55  Hydralisk x2  
  100  9:05  Hydralisk x7  
  111  9:19  Roach x4  
  111  9:20  Roach  
  118  9:28  Roach x2  
  122  9:34  Roach  
  122  9:36  Ravager  
  125  9:42  Lurker x2  
  125  9:45  Drone x3  
  129  9:46  Drone x2  
  120  10:06  Hydralisk  
  97  10:09  Roach x2  
  97  10:11  Hydralisk x2  
  86  10:17  Hydralisk x2  
  88  10:33  Hatchery  
  87  10:43  Ravager x2  
  87  10:49  Zergling x2  
  90  10:50  Zergling x10  
  91  11:06  Hydralisk x3  
  67  11:24  Hydralisk x3  
  73  11:29  Hydralisk  
  75  11:38  Hydralisk  
  77  11:42  Hydralisk  
  77  11:45  Hydralisk  
  81  11:48  Lurker  
  81  11:51  Drone  
  81  11:52  Drone  
  81  11:56  Drone  
  82  12:06  Lurker x4  
  82  12:07  Lurker  
  87  12:08  Lurker  
  87  12:13  Drone  
  87  12:14  Drone  
  90  12:21  Drone x3  
  90  12:22  Drone  
  94  12:27  Grooved Spines  
  94  12:31  Hydralisk  
  96  12:41  Roach x3  
  96  12:43  Roach  
  104  12:56  Hydralisk x2  
  107  13:00  Roach x3  
  113  13:27  Overlord  
  113  13:28  Overlord x2  
  113  13:33  Roach  
  113  13:34  Roach x2  
  113  13:38  Overlord x4  
  113  13:39  Overlord  
  113  13:40  Muscular Augments  
  113  13:47  Hydralisk x3  
  119  13:52  Queen  
  121  13:56  Metabolic Boost  
  121  13:58  Zergling x2  
  121  14:00  Ravager x3  
  121  14:01  Ravager x2  
  127  14:03  Ravager  
  128  14:16  Hydralisk x4  
  136  14:31  Roach x3  
  142  14:34  Hydralisk  
  142  14:35  Hydralisk  
  142  14:36  Zergling x2  
  142  14:37  Zergling x4  
  149  14:41  Overseer  
  149  14:48  Zerg Ground Armor Level 2  
  149  14:49  Drone  
  150  15:00  Lurker x4  
  150  15:01  Lurker x3  
  150  15:03  Drone  
  150  15:05  Drone  
  159  15:07  Drone  
  159  15:08  Drone  
  159  15:11  Drone x2  
  163  15:22  Lurker x2  
  163  15:23  Lurker x4  
  168  15:30  Hydralisk x2  
  172  15:36  Hydralisk x2  
  173  15:52  Hatchery  
  160  16:16  Hydralisk x3  
  160  16:17  Hydralisk x3  
  160  16:18  Hydralisk  
  139  16:21  Hydralisk x4  
  139  16:22  Hydralisk  
  114  16:27  Hydralisk x2  
  114  16:29  Hydralisk  
  114  16:53  Hydralisk x4  
  120  17:01  Hydralisk x3  
  126  17:09  Drone x4  
  126  17:10  Drone x7  
  134  17:22  Lurker x3  
  137  17:32  Hydralisk  
  137  17:33  Hydralisk x3  
  145  17:38  Extractor  
  145  17:39  Spore Crawler  
  145  17:41  Extractor  
  145  17:42  Spore Crawler  
  141  17:45  Spine Crawler x2  
  139  17:51  Infestation Pit  
  139  17:54  Hydralisk  
  139  17:55  Hydralisk x3  
  129  18:29  Hydralisk  
  129  18:32  Hydralisk  
  95  18:48  Hydralisk x2  
  95  18:50  Lurker x4  
  95  18:51  Overlord x2  
  95  18:52  Overlord x3  
  103  19:02  Roach x2  
  107  19:03  Roach x2  
  107  19:04  Drone x2  
  107  19:05  Drone x3  
  116  19:14  Hive  
  116  19:24  Roach  
  116  19:25  Roach x3  
  116  19:26  Roach  
  116  19:29  Hatchery  
  118  19:58  Overlord  
  118  20:03  Hydralisk x3  
  118  20:04  Hydralisk x5  
  134  20:12  Zergling x2  
  134  20:13  Zergling x16  
  143  20:17  Hatchery  
  142  20:24  Zergling x6  
  145  20:28  Extractor  
  145  20:32  Extractor  
  141  20:43  Hydralisk  
  140  20:59  Zerg Missile Weapons Level 3, Zerg Ground Armor Level 3  
  116  21:29  Hydralisk x5  
  122  21:45  Overseer  
  122  21:48  Hydralisk x3  
  122  21:49  Lurker  
  122  21:53  Drone x3  
  122  21:54  Extractor  
  131  21:56  Extractor  
  131  21:59  Lurker  
  131  22:08  Hydralisk x2  
  131  22:11  Hydralisk x2  
  139  22:28  Roach x2  
  139  22:34  Adaptive Talons  
  139  22:51  Drone  
  139  22:53  Drone x3  
  139  22:56  Hydralisk x7  
  157  23:00  Hydralisk  
  157  23:03  Overseer x2  
  159  23:12  Overseer  
  159  23:16  Lurker  
  159  23:17  Lurker  
  161  23:22  Zergling x6  
  161  23:23  Zergling x42  
  185  23:27  Pneumatized Carapace  
  185  23:34  Hydralisk x2  
  189  23:58  Hydralisk x4  
  193  24:04  Hydralisk x2  
  193  24:05  Hydralisk  
  193  24:12  Hydralisk  
  193  24:13  Hydralisk x3  
  194  24:29  Viper x2  
Show
View Real Time Build Order
Export as new Build Order

Sorandom Zerg 

Build Orders: Pool First 

Get SALT Encoding   

  12  0:01  Drone  
  13  0:12  Overlord  
  13  0:18  Drone  
  14  0:31  Drone x2  
  16  0:36  Drone  
  17  0:48  Spawning Pool  
  16  0:50  Drone  
  17  1:12  Hatchery  
  17  1:15  Drone  
  17  1:21  Drone  
  17  1:24  Overlord  
  18  1:31  Drone  
  19  1:42  Roach Warren  
  19  1:44  Drone  
  19  1:46  Extractor  
  18  1:53  Queen  
  20  1:58  Zergling x2  
  21  2:02  Drone  
  22  2:12  Drone  
  23  2:24  Roach  
  23  2:26  Drone  
  23  2:27  Queen  
  28  2:33  Roach  
  30  2:38  Drone  
  31  2:48  Drone  
  31  2:49  Drone  
  33  2:54  Overlord  
  33  3:01  Drone  
  33  3:04  Drone x2  
  36  3:06  Lair  
  37  3:12  Drone  
  37  3:13  Drone x2  
  39  3:23  Drone x2  
  41  3:28  Queen  
  43  3:34  Overlord x2  
  43  3:40  Overlord  
  43  3:46  Drone  
  44  3:48  Extractor  
  44  3:49  Drone  
  44  3:55  Drone x2  
  46  3:56  Drone  
  46  3:57  Drone x2  
  48  4:14  Glial Reconstitution  
  48  4:16  Roach x3  
  54  4:26  Roach x2  
  54  4:27  Drone  
  54  4:28  Drone x3  
  54  4:31  Extractor  
  61  4:36  Drone  
  62  4:40  Drone  
  62  4:41  Evolution Chamber  
  62  4:42  Evolution Chamber, Drone  
  62  4:43  Drone x2  
  64  4:59  Roach  
  66  5:00  Roach  
  66  5:05  Hydralisk Den  
  68  5:07  Drone  
  68  5:08  Extractor, Overlord x2  
  68  5:09  Overlord  
  67  5:27  Roach x4  
  67  5:28  Roach x3  
  81  5:30  Zerg Missile Weapons Level 1  
  81  5:32  Roach  
  83  5:49  Roach  
  89  5:50  Hydralisk, Roach x2  
  91  6:05  Overlord x6  
  91  6:12  Zerg Ground Armor Level 1  
  91  6:18  Overseer  
  87  6:36  Hydralisk x4  
  95  6:40  Roach  
  95  6:41  Roach  
  97  6:49  Hydralisk, Hatchery  
  98  6:55  Roach  
  101  7:01  Drone x3  
  101  7:04  Grooved Spines  
  103  7:11  Queen x2  
  103  7:15  Hydralisk x2  
  109  7:21  Drone  
  109  7:22  Drone x2  
  114  7:27  Hydralisk x2  
  118  7:30  Hatchery  
  118  7:33  Drone x3  
  120  7:51  Overseer  
  120  7:53  Hydralisk x5  
  130  8:00  Drone  
  130  8:01  Drone x3  
  134  8:05  Hydralisk  
  134  8:06  Hydralisk x2  
  134  8:11  Drone  
  134  8:12  Drone x2  
  143  8:27  Hydralisk  
  145  8:48  Roach  
  133  8:52  Hydralisk  
  133  8:53  Hydralisk x6  
  136  8:59  Zerg Missile Weapons Level 2  
  128  9:04  Hydralisk  
  128  9:07  Overlord  
  128  9:08  Overlord x7  
  130  9:40  Roach  
  130  9:41  Roach x12  
  156  9:48  Drone  
  145  10:03  Hydralisk x2  
  145  10:04  Hydralisk x4  
  145  10:08  Hydralisk  
  121  10:19  Roach x3  
  125  10:22  Hydralisk  
  119  10:31  Hydralisk  
  119  10:32  Hydralisk  
  111  10:51  Zerg Ground Armor Level 2  
  111  10:52  Roach x2  
  111  10:53  Drone  
  111  10:54  Drone x3  
  115  11:05  Roach x4  
  115  11:08  Overseer  
  107  11:17  Hydralisk x2  
  109  11:20  Overseer  
  109  11:27  Overlord  
  109  11:28  Overlord  
  108  11:40  Roach  
  108  11:41  Roach x3  
  108  11:42  Roach  
  108  11:44  Drone  
  117  11:56  Drone  
  117  11:57  Drone x4  
  117  11:59  Overseer  
  122  12:02  Drone  
  122  12:08  Drone x3  
  126  12:16  Spore Crawler  
  126  12:17  Spine Crawler, Drone  
  125  12:29  Hydralisk x2  
  125  12:32  Drone  
  125  12:33  Drone x2  
  132  12:46  Extractor  
  132  12:48  Extractor, Drone x2  
  132  12:55  Hatchery  
  129  12:59  Hydralisk x4  
  137  13:10  Overseer  
  134  13:22  Overseer x2  
  125  13:27  Drone  
  125  13:28  Drone x12  
  137  14:02  Hatchery  
  136  14:06  Hydralisk x9  
  154  14:16  Hydralisk x3  
  156  14:17  Hydralisk  
  162  14:36  Infestation Pit  
  161  14:38  Lurker Den  
  161  14:43  Spore Crawler  
  161  14:44  Extractor  
  158  14:46  Hydralisk x6  
  170  14:55  Hydralisk x2  
  174  15:00  Zerg Melee Weapons Level 1  
  174  15:08  Hydralisk  
  174  15:09  Hydralisk x2  
  174  15:14  Hive  
  179  15:27  Muscular Augments  
  179  15:33  Spine Crawler  
  179  15:34  Drone x6  
  178  15:59  Spine Crawler  
  178  16:01  Spine Crawler  
  178  16:02  Roach x10  
  187  16:13  Hydralisk x2  
  167  16:24  Roach x3  
  129  16:29  Lurker  
  126  16:34  Drone  
  126  16:35  Drone x2  
  129  16:50  Extractor  
  114  17:10  Lurker  
  114  17:12  Lurker, Drone  
  114  17:13  Drone x11  
  128  17:20  Extractor  
  128  17:22  Spore Crawler  
  124  17:33  Spine Crawler  
  124  17:36  Overseer, Hatchery  
  121  17:41  Spore Crawler  
  121  17:43  Spine Crawler  
  120  17:50  Spine Crawler  
  119  17:52  Spine Crawler  
  116  18:02  Lurker  
  116  18:03  Lurker  
  78  18:29  Hydralisk x2  
  78  18:31  Zergling x20  
  63  18:53  Drone x7  
  70  19:20  Roach x2  
  72  19:51  Drone  
  70  20:02  Roach x2  
  74  20:20  Hydralisk  
  74  20:21  Hydralisk  
  78  20:33  Roach  
  78  20:34  Hydralisk  
  80  20:49  Drone x6  
  89  20:50  Drone x9  
  92  21:12  Zerg Missile Weapons Level 3  
  92  21:17  Extractor  
  83  21:25  Drone x12  
  87  21:26  Extractor, Drone  
  87  21:51  Hydralisk x4  
  95  22:04  Hydralisk  
  95  22:05  Hydralisk  
  99  22:12  Spore Crawler  
  98  22:16  Hydralisk x2  
  98  22:17  Hydralisk  
  101  22:40  Lurker x2  
  101  22:42  Zergling x4  
  101  22:43  Zergling x28  
  119  23:00  Hydralisk  
  121  23:07  Hatchery  
  121  23:09  Hydralisk x2  
  124  23:23  Metabolic Boost  
  124  23:25  Hydralisk x2  
  128  23:32  Hydralisk  
  128  23:33  Hydralisk  
  130  24:02  Drone x12  
  142  24:10  Drone x3  
  143  24:22  Hatchery  
  140  24:32  Hydralisk x5  
Tags
 
Composition
Lurkers
Matchup
ZvZ
Race
Zerg
Replay Pack
Pack 2
Spawn Locations
Cross Positions
Add a new tag
Caveats
  • Supply blocks, unpowered buildings, or Contaminate may cause inaccurate times.
  • Supply counts are checked every 10 seconds.